 Zot Defence DCSS version 0.15.2 (webtiles) character file.

263 stankywizzleteets the Shield-Bearer (level 6, 0/1 (48) HPs)
             Began as a Human Fighter on Apr 30, 2018.
             Rotted away (a goblin)
             ... in the Realm of Zot (Scenario I: Hall of Zot).
             The game lasted 00:02:58 (424 turns).

stankywizzleteets the Shield-Bearer (Human Fighter)  Turns: 424, Time: 00:02:59

HP   0/1 (48)    AC 11     Str 19      XL: 6   Next: 42%
MP   6/6         EV  3     Int  8      God:
Gold 0           SH  9     Dex 12      Spells:  0 memorised,  5 levels left

rFire  . . .     SeeInvis .     a - +0 long sword
rCold  . . .     Clarity  .     o - +0 plate armour
rNeg   . . .     rCorr    .     c - +0 shield
rPois  .         rRot     .     (no helmet)
rElec  .         Spirit   .     (no cloak)
SustAb .         Warding  .     (no gloves)
rMut   .         Stasis   .     (no boots)
Gourm  .                        (no amulet)
MR     .....                    (no ring)
                                (no ring)

@: not resistant to hostile enchantments, extremely unstealthy
A: no striking features
a: Make oklob sapling, Make arrow trap, Make plant, Remove Curse, Make burning
bush, Make altar, Make grenades


You were in the Realm of Zot.
You were not hungry.

You visited 1 branch

Inventory:

Hand weapons
 a - a +0 long sword (weapon)
 l - a +1 dagger of freezing
 m - a +2 antimagic dagger
 n - a cursed -1 dire flail
 p - a +0 short sword
Armour
 b - a +0 scale mail
 c - a +0 shield (worn)
 o - a +0 plate armour (worn)
Comestibles
 f - a bread ration
Scrolls
 k - a scroll of blinking
Potions
 d - 3 potions of curing
 e - a potion of might
 g - a potion of heal wounds
 h - a potion of haste
 i - 2 potions of magic
 j - a potion of berserk rage


   Skills:
 + Level 4.0 Fighting
 + Level 3.5 Long Blades
 + Level 3.7 Armour
 + Level 1.5 Dodging
 + Level 4.4 Shields


You had 5 spell levels left.
You didn't know any spells.

Dungeon Overview and Level Annotations

Branches:
    Zot (1/1)

Altars:


Message History

The goblin hits you but does no damage.
Your shield and plate armour prevent you from hitting the kobold.
Your flesh rots away as the Orb of Zot is desecrated. x6 2 oozes come into view.
Your flesh rots away as the Orb of Zot is desecrated.
You hit the kobold.
Your flesh rots away as the Orb of Zot is desecrated. x2
The kobold is moderately wounded.
Your flesh rots away as the Orb of Zot is desecrated. x3
Your flesh rots away as the Orb of Zot is desecrated.
You hit the kobold.
You kill the kobold!
Your flesh rots away as the Orb of Zot is desecrated.
You closely miss the goblin.
Your flesh rots away as the Orb of Zot is desecrated. x4
The kobold hits you but does no damage.
Your flesh rots away as the Orb of Zot is desecrated. x3
Your flesh rots away as the Orb of Zot is desecrated.
Ouch! That really hurt!
You die...

########## ######## .....####
####... ........### ###......
..........## ##........
...........# ▓▓▓▓▓▓▓▓▓ #.........
...........▓▓▓.......▓▓▓.........
...........▓▓.........▓▓.........
...........▓...........▓.........
...........J.J.K@g...............
...........▓...........▓.........
...........▓▓.........▓▓.........
...........▓▓▓.......▓▓▓.........
...........▓ ▓▓▓▓▓▓▓▓▓ ▓.........
..........▓▓ ▓▓........
........▓▓▓ ▓▓▓...... .....▓▓▓▓
▓▓▓▓... ▓▓▓▓▓▓▓▓▓ ▓▓▓▓▓▓▓


You could see 2 oozes, a goblin and a kobold.

Vanquished Creatures
  An orc warrior (Zot)
  A worm (Zot)
  4 oozes (Zot)
  7 bats (Zot)
  5 goblins (Zot)
  5 kobolds (Zot)
  A ball python (Zot)
  2 rats (Zot)
26 creatures vanquished.

Notes
Turn   | Place    | Note
--------------------------------------------------------------
     0 | Zot      | stankywizzleteets, the Human Fighter, began the quest for the Orb.
     0 | Zot      | Reached XP level 1. HP: 18/18 MP: 1/1
   198 | Zot      | Reached XP level 2. HP: 24/24 MP: 2/2
   207 | Zot      | Noticed Warbeogh
   216 | Zot      | Reached XP level 3. HP: 26/29 MP: 3/3
   255 | Zot      | Reached XP level 4. HP: 35/35 MP: 4/4
   287 | Zot      | Killed Warbeogh the orc warrior
   287 | Zot      | Reached skill level 4 in Fighting
   287 | Zot      | Reached skill level 1 in Dodging
   287 | Zot      | Reached XP level 5. HP: 38/42 MP: 5/5
   287 | Zot      | Reached XP level 6. HP: 43/48 MP: 6/6
   424 | Zot      | Rotted away (a goblin)

Action                   |  1- 3 |  4- 6 || total
-------------------------+-------+-------++-------
Melee: Long sword        |    48 |    69 ||   117
